 Dungeon Crawl Stone Soup version 0.29-a0-243-g602b31c20e (webtiles) character file.

Game seed: 1259970092326489852

73 Ajdolov the Bolt Thrower (level 4, -3/34 HPs)
             Began as a Formicid Hunter on Mar 4, 2022.
             Slain by an orc
             ... wielding a +0 flail
              (8 damage)
             ... on level 4 of the Dungeon.
             The game lasted 00:02:13 (2187 turns).

Ajdolov the Bolt Thrower (Formicid Hunter)          Turns: 2187, Time: 00:02:14

Health: -3/34      AC:  3    Str: 16    XL:     4   Next: 51%
Magic:  4/4        EV: 11    Int: 11    God:
Gold:   109        SH:  0    Dex: 13    Spells: 3/3 levels left

rFire   . . .      SeeInvis +   a - +1 hand crossbow
rCold   . . .      Faith    .   (no shield)
rNeg    . . .      Spirit   .   b - +0 leather armour
rPois   .          Reflect  .   (helmet unavailable)
rElec   .          Harm     .   (no cloak)
rCorr   .          Rampage  .   (no gloves)
Will    .....                   (no boots)
Stlth   +.........              (no amulet)
HPRegen 0.11/turn               (no ring)
MPRegen 0.09/turn               (no ring)

@: no status effects
A: permanent stasis, dig shafts and tunnels, antennae 3, four strong arms
a: Dig, Shaft Self


You were on level 4 of the Dungeon.
You visited 1 branch of the dungeon, and saw 4 of its levels.

You collected 109 gold pieces.

Inventory:

Hand Weapons
 a - a +1 hand crossbow (weapon)
Armour
 b - a +0 leather armour (worn)
Scrolls
 c - a scroll of fear {unknown}
 d - 4 scrolls of identify {unknown}
 e - a scroll of enchant weapon {unknown}
 f - a scroll of fog {unknown}
 h - a scroll of amnesia {unknown}


   Skills:
 + Level 2.6 Fighting
 * Level 5.5 Crossbows
 - Level 1.7 Dodging
 - Level 1.2 Stealth


You had 3 spell levels left.
You didn't know any spells.
Your spell library contained the following spells:

 Spells                   Type           Power      Damage    Failure   Level
 Sublimation of Blood     Necr           0%         N/A       54%         2
 Wereblood                Tmut           0%         N/A       54%         2
 Summon Hydra             Summ           0%         N/A       100%        7


Dungeon Overview and Level Annotations

Branches:
Dungeon (4/15)
 Temple: D:4-7

Altars:


Innate Abilities, Weirdness & Mutations

You cannot be hasted, slowed, berserked, paralysed or teleported.
You can dig through walls and to a lower floor.
You have a pair of large antennae on your head. (SInv)
Your four strong arms can wield two-handed weapons with a shield.


Message History

An orc comes into view. It is wielding a +0 dagger.
The orc hits you but does no damage.
Unknown command.
Shoot: a) +1 hand crossbow
Press: ? - help, Q - select action, (/) - cycle Shift-Dir - straight line, f/p - adder
Aim: an adder (heavily wounded, 46% to hit)
You shoot a bolt. The orc shouts!
The bolt hits the adder.
The adder is almost dead.
You feel sick. The adder closely misses you. The adder bites you.
* * * LOW HITPOINT WARNING * * *
Unknown command.
Shoot: a) +1 hand crossbow
Press: ? - help, Q - select action, (/) - cycle Shift-Dir - straight line, f/p - adder
Aim: an adder (almost dead, 46% to hit)
You shoot a bolt. The bolt hits the adder!
You kill the adder!
You feel sick.
The orc throws a boomerang.
The boomerang hits you.
* * * LOW HITPOINT WARNING * * *
The orc closely misses you.
Unknown command.
Unknown command.
Shoot: a) +1 hand crossbow
Press: ? - help, Q - select action, (/) - cycle Shift-Dir - straight line, f - orc
Aim: an orc, wielding a +0 flail and wearing a +0 ring mail (66% to hit)
You shoot a bolt. The orc shouts!
The bolt hits the orc.
The orc is moderately wounded.
You feel sick.
You are no longer poisoned.
The orc closely misses you. The orc barely misses you.
Shoot: a) +1 hand crossbow
Press: ? - help, Q - select action, (/) - cycle Shift-Dir - straight line, f/p - orc
Aim: an orc, wielding a +0 flail and wearing a +0 ring mail (moderately wounded, 66% to hit)
You shoot a bolt. The bolt hits the orc.
The orc is heavily wounded.
The orc hits you with a +0 flail!
You die...

### ##.###
##....##
##..#...##
#.)o.....##
###@oo....#
###........
.........
..........
...........
.......{[...
......o......
......o.))..S.


You could see 3 orcs.

Vanquished Creatures
  2 adders
  A worm (D:2)
  A dart slug (D:1)
  An orc (D:4)
  3 ball pythons
  2 bats (D:1)
  5 endoplasms
  3 giant cockroaches
  A goblin (D:1)
  7 hobgoblins
  4 jackals (D:1)
  5 kobolds
  A quokka (D:1)
  2 frilled lizards (D:1)
  3 rats
41 creatures vanquished.

Notes
Turn   | Place    | Note
-------+----------+-------------------------------------------
     0 | D:1      | Ajdolov the Formicid Hunter began the quest for the Orb.
     0 | D:1      | Reached XP level 1. HP: 16/16 MP: 1/1
    50 | D:1      | Reached XP level 2. HP: 17/22 MP: 2/2
   231 | D:1      | Found a faded altar of an unknown god.
   314 | D:1      | Reached XP level 3. HP: 24/27 MP: 3/3
   589 | D:1      | Reached skill level 5 in Crossbows
  1154 | D:2      | Reached XP level 4. HP: 34/34 MP: 4/4
  1871 | D:2      | You fall into a shaft and drop 1 floor!
  2187 | D:4      | Slain by an orc

Illustrated notes

Levels and vault maps discovered:
D:1:      wheals_arrival_linesprint, layout_loops_ring,
          dreamdust_ecumenical_altar_statues, corexii_item_surrounded_by_moat,
          minmay_tetromino_o4
D:2:      layout_basic
D:3:      layout_basic, minmay_hedge_maze, uniq_sigmund
D:4:      layout_cave_pools, nicolae_qazlal_scattered_showers,
          nemelex_spade_bored_becter, st_stairs_8, nicolae_stop_n_shop_1

Skill      XL: |  1  2  3 |
---------------+----------+-----
Crossbows      | 5 |  5.5
Fighting       | |  2.6
Dodging        | |  1.7
Stealth        | |  1.2

Action                   |  1- 3 |  4- 6 || total
-------------------------+-------+-------++-------
 Fire: Hand crossbow     |    73 |    58 ||   131
  Use: Potion            |       |     1 ||     1
Armor: Leather armour    |     7 |     8 ||    15
Dodge: Dodged            |    18 |    15 ||    33

Table legend: (Time is in decaauts)
 A = Elapsed time spent in this place.
 B = Non-inter-level travel time spent in this place.
 C = Inter-level travel time spent in this place.
 D = Time resting spent in this place.
 E = Time spent auto-exploring this place.
 F = Levels seen in this place.
 G = Mean time per level.
                   A        B        C        D        E       F      G
               +--------+--------+--------+--------+--------+-----+--------+
         Total |   2224 |   2121 |    103 |    253 |   1582 |   4 |  556.0 |
       Dungeon |   2224 |   2121 |    103 |    253 |   1582 |   4 |  556.0 |
               +--------+--------+--------+--------+--------+-----+--------+

Top non-repeatable levels by time:
     D:1: 1116 daAuts
     D:2: 787 daAuts
     D:4: 273 daAuts
     D:3: 47 daAuts
